 Dungeon Crawl Stone Soup version 0.20-a0-700-gbd4582c (webtiles) character file.

980 Alarkh the Magician (level 7, -1/46 HPs)
             Began as a Mummy Summoner on Feb 20, 2017.
             Was an Initiate of Gozag.
             Killed by divine providence
             ... invoked by an orc priest
              (8 damage)
             ... on level 6 of the Dungeon.
             The game lasted 00:12:25 (6313 turns).

Alarkh the Magician (Mummy Summoner)                Turns: 6313, Time: 00:12:26

Health: -1/46      AC:  3    Str: 11    XL:     7   Next: 96%
Magic:  16/16      EV: 12    Int: 16    God:    Gozag
Gold:   513        SH:  0    Dex: 10    Spells: 8/19 levels left

rFire    . . .     SeeInvis .   k - +0 flail (venom)
rCold    + . .     Gourm    .   q - +0 robe "Mykly" {MR+ Dex-3 Stlth+}
rNeg     + + +     Faith    .   (no shield)
rPois    ∞         Spirit   .   (no helmet)
rElec    .         Reflect  .   c - +0 cloak
rCorr    .         Harm     .   (no gloves)
MR       +....                  (no boots)
Stlth    +++.......             (no amulet)
Regen    0.2/turn               (no ring)
MPRegen  0.2/turn               o - ring of protection from fire

@: no status effects
A: no food or potions, fire vulnerability, cold resistance 1, negative energy
resistance 3, torment resistance, unbreathing
a: Potion Petition, Call Merchant, Bribe Branch, Renounce Religion


You were on level 6 of the Dungeon.
You worshipped Gozag.
Gozag was pleased with you.
You were not hungry.

You visited 1 branch of the dungeon, and saw 6 of its levels.
You also visited: Sewer.

You collected 830 gold pieces.
You spent 317 gold pieces at shops.

Inventory:

Hand Weapons
 d - a +0 whip
 g - a +2 dagger of freezing
 k - a +0 flail of venom (weapon)
 l - a +0 falchion
Armour
 a - a +0 robe
 c - a +0 cloak (worn)
 q - the +0 robe "Mykly" (worn) {MR+ Dex-3 Stlth+}
   (You bought it in a shop on level 6 of the Dungeon)

   It affects your dexterity (-3).
   It affects your resistance to hostile enchantments.
   It makes you more stealthy.
 r - a +0 ring mail of poison resistance
Jewellery
 o - a ring of protection from fire (left hand)
Wands
 i - a wand of flame (12/48)
 p - a wand of flame (25/48)
Scrolls
 e - 2 scrolls of identify
 f - 4 scrolls of remove curse
 j - a scroll of magic mapping
 m - a scroll of noise {unknown}
 n - a scroll of amnesia {unknown}
Books
 b - a book of Callings

   Spells                             Type                      Level
   a - Summon Small Mammal            Summoning                    1
   b - Call Imp                       Summoning                    2
   c - Call Canine Familiar           Summoning                    3
   d - Summon Guardian Golem          Hexes/Summoning              3
   e - Summon Lightning Spire         Summoning/Air                4
   f - Summon Ice Beast               Ice/Summoning                4
 s - a book of Changes

   Spells                             Type                      Level
   a - Beastly Appendage              Transmutation                1
   b - Sticks to Snakes               Transmutation                2
   c - Spider Form                    Transmutation/Poison         3
   d - Ice Form                       Ice/Transmutation            4
   e - Blade Hands                    Transmutation                5


   Skills:
 * Level 4.7 Long Blades
 - Level 1.5 Dodging
 - Level 1.5 Stealth
 + Level 6.5 Spellcasting
 + Level 5.2 Summonings


You had 8 spell levels left.
You knew the following spells:

 Your Spells              Type           Power        Failure   Level  Hunger
a - Call Canine Familiar  Summ           ###.....     6%          3    N/A
b - Summon Small Mammal   Summ           ###.         1%          1    N/A
c - Summon Guardian Gole  Hex/Summ       ##......     14%         3    N/A
d - Summon Ice Beast      Ice/Summ       ##......     50%         4    N/A

Dungeon Overview and Level Annotations

Branches:
Dungeon (6/15)
 Temple: D:4-7

Altars:
Gozag
Uskayaw
Xom

Shops:
D:6 [


Innate Abilities, Weirdness & Mutations

You do not eat or drink.
Your flesh is vulnerable to fire.
You are immune to poison.
Your flesh is cold resistant. (rC+)
You are immune to negative energy. (rN+++)
You are immune to unholy pain and torment.
You can survive without breathing.


Message History

As you read the scroll of teleportation, it crumbles to dust.
You feel strangely unstable.
Your hound bites the bullfrog.
The quokka bites you.
Your hound bites the bullfrog.
Something barely misses your hound.
Your hound bites the bullfrog.
The quokka twitches its whiskers.
The quokka misses you.
Your surroundings suddenly seem different.
Found a quarterstaff and 33 gold pieces.
Found three altars.
An ogre comes into view. It is wielding a giant spiked club.
The orc priest casts a cantrip, but nothing happens.
Found a bread ration.
The orc priest invokes the aid of Beogh against you.
Beogh smites you!
* * * LOW HITPOINT WARNING * * *
The orc priest invokes the aid of Beogh against you.
Beogh smites you!
You die...
Your body crumbles into a pile of gold.

+.....o..........
#......o.......#
#..............#
#..........)...###
#................#
#......O.O....._...
#...$.####.........
#.....# #.........
#..@..# #.._.$8...
##...## ##........
#...# ##....._.
#...# ....... #%..#
#...# #...# #####


You could see an ogre and an orc priest.

Vanquished Creatures
  Blork the orc (D:5)
  3 scorpions (D:5)
  A crimson imp (D:6)
  A centaur zombie (D:6)
  A bullfrog zombie (D:5)
  A hound (D:5)
  A jelly (D:5)
  A bullfrog skeleton (D:4)
  An orc priest (D:4)
  2 centaur skeletons
  2 orc wizards
  4 worker ants (D:4)
  A gnoll (D:1)
  8 adders
  2 worms (D:3)
  4 leopard geckos
  5 orcs
  8 bats
  5 giant cockroaches
  4 goblins
  7 hobgoblins
  A quokka (D:5)
  3 ball pythons
  A frilled lizard (D:1)
  A jackal skeleton (D:4)
  8 kobolds
  5 rats
82 creatures vanquished.

Vanquished Creatures (collateral kills)
  Purgy (Sewer)
  An ogre (D:4)
  A scorpion (D:5)
  A bullfrog zombie (D:5)
  2 hounds (D:4)
  A jelly (D:5)
  An orc wizard (D:4)
  A hound zombie (D:5)
  3 gnolls (D:6)
  5 adders
  2 oozes
  2 worms
  A dart slug (D:2)
  7 orcs
  2 giant cockroaches
  7 goblins
  4 jackals
  4 bats
  A frilled lizard (D:1)
  2 rats
49 creatures vanquished.

Vanquished Creatures (others)
  2 fungi (D:5)
2 creatures vanquished.

Grand Total: 133 creatures vanquished

Notes
Turn   | Place    | Note
-------+----------+-------------------------------------------
     0 | D:1      | Alarkh the Mummy Summoner began the quest for the Orb.
     0 | D:1      | Reached XP level 1. HP: 13/13 MP: 4/4
   265 | D:1      | Reached skill level 3 in Spellcasting
   323 | D:1      | Reached XP level 2. HP: 11/19 MP: 1/6
   786 | D:1      | Reached XP level 3. HP: 18/24 MP: 6/8
   791 | D:1      | Learned a level 3 spell: Call Canine Familiar
  1143 | D:2      | Reached skill level 4 in Spellcasting
  1462 | D:2      | Reached XP level 4. HP: 21/30 MP: 6/10
  1512 | D:2      | Found a faded altar of an unknown god.
  1683 | D:2      | Became a worshipper of Gozag Ym Sagoz the Greedy
  2394 | D:4      | Noticed an ogre
  2405 | D:4      | Killed an ogre
  2405 | D:4      | Reached skill level 1 in Long Blades
  2405 | D:4      | Reached skill level 5 in Spellcasting
  2405 | D:4      | Reached XP level 5. HP: 25/35 MP: 2/12
  2443 | D:4      | Found a glowing drain.
  2570 | Sewer    | Entered a sewer
  2616 | Sewer    | Noticed Purgy
  2640 | Sewer    | Killed Purgy
  3161 | D:4      | Reached XP level 6. HP: 37/41 MP: 10/14
  3166 | D:4      | Learned a level 3 spell: Summon Guardian Golem
  3171 | D:4      | Learned a level 4 spell: Summon Ice Beast
  3244 | D:4      | HP: 2/41 [hound (5)]
  4221 | D:5      | Entered Level 5 of the Dungeon
  4446 | D:5      | Reached XP level 7. HP: 43/46 MP: 15/15
  4522 | D:5      | Reached skill level 6 in Spellcasting
  4698 | D:5      | Noticed Blork the orc
  4710 | D:5      | Killed Blork the orc
  5089 | D:5      | Reached skill level 5 in Summonings
  6015 | D:6      | Found Jiuvvoq's Antique Armour Boutique.
  6027 | D:6      | Bought a warped robe for 142 gold pieces
  6037 | D:6      | Identified the +0 robe "Mykly" {MR+ Dex-3 Stlth+} (You bought it in a shop on level 6 of the Dungeon)
  6037 | D:6      | Bought a glowing ring mail for 175 gold pieces
  6305 | D:6      | Found a hide-covered altar of Uskayaw.
  6305 | D:6      | Found an opulent altar of Gozag.
  6305 | D:6      | Found a shimmering altar of Xom.
  6313 | D:6      | Killed from afar by an orc priest

Vault maps used:
D:1:      minmay_arrival_solitary_statue
D:2:      first_bread, chequers_ecumenical_altar_twisty, serial_park_tiny_2,
          minmay_misc_feat_pillars
D:4:      gup_sewer_entry_glass
D:5:      old_forge, uniq_blork_the_orc
D:6:      grunt_temple_overflow_open, temple_pool_b, serial_shops, shop
Sewer:    sewer_the_crocodile

Skill      XL: |  1  2  3  4  5  6  7 |
---------------+----------------------+-----
Spellcasting   | 3 4 5 6 |  6.5
Summonings     | 4 5 |  5.2
Long Blades    | 1 2 3 4 |  4.7
Dodging        | |  1.5
Stealth        | |  1.5

Action                   |  1- 3 |  4- 6 |  7- 9 || total
-------------------------+-------+-------+-------++-------
Melee: Whip              |    10 |       |       ||    10
       Dagger            |    74 |       |       ||    74
       Unarmed           |     1 |       |       ||     1
       Flail             |       |   129 |    86 ||   215
 Cast: Summon Small Mamm |    26 |    15 |       ||    41
       Call Canine Famil |    12 |    27 |    20 ||    59
  Use: Scroll            |     2 |     5 |     2 ||     9
 Stab: Sleeping          |     3 |       |     4 ||     7
       Distracted        |     1 |     2 |     2 ||     5
Armor: Robe              |    15 |    37 |    22 ||    74
Dodge: Dodged            |    50 |   128 |    91 ||   269
